Edmonton Oil Kings vs Cape Breton Oilers
Created - Monday, February 26, 2024 at 07:11
Goals
|
| Edmonton Oil Kings |
0 |
1 |
1 |
0 |
2 |
3 |
| Cape Breton Oilers |
1 |
0 |
1 |
0 |
0 |
2 |
|
Shots
|
| Edmonton Oil Kings |
12 |
6 |
13 |
0 |
3 |
31 |
| Cape Breton Oilers |
11 |
10 |
17 |
2 |
2 |
40 |
|
1st period
1. Cape Breton Oilers , Alexey Toropchenko 11 (Noel Acciari 11, Luke Evangelista 28) at 2:35 (PP)
Penalties :
Josh Mahura (EOK) for Hooking (Minor) at 1:47, Brett Kulak (EOK) for Boarding (Minor) at 12:32, Jack Quinn (EOK) for Hooking (Minor) at 17:22, Kevin Bahl (CBO) for Hooking (Minor) at 19:51
2nd period
2. Edmonton Oil Kings , Dillon Dube 14 (Kirill Marchenko 12) at 6:52 (PP)
Penalties :
Jonah Gadjovich (CBO) for Fighting (Major) at 6:36, Noah Gregor (EOK) for Fighting (Major) at 6:36, Kevin Bahl (CBO) for Cross-checking (Minor) at 6:48, Will Cuylle (CBO) for Interference (Minor) at 12:53, Tyler Angle (EOK) for Interference (Minor) at 18:28
3rd period
3. Edmonton Oil Kings , Noah Gregor 3 (Joey Anderson 6, Jack Quinn 13) at 2:26
4. Cape Breton Oilers , Carl Grundstrom 11 (Brett Seney 20, Jack Campbell) at 18:14
Penalties :
Brett Seney (CBO) for Interference (Minor) at 3:35, Dylan McIlrath (CBO) for Tripping (Minor) at 18:58
Overtime #1
No Goal
Penalties :
No Penalty
Shootout
Edmonton Oil Kings, Kirill Marchenko - Goal!
Cape Breton Oilers, Luke Evangelista - Shot Misses the Net
Edmonton Oil Kings, Dillon Dube - Stopped by Jack Campbell
Cape Breton Oilers, Noel Acciari - Stopped by Karel Vejmelka
Edmonton Oil Kings, Jack Quinn - Goal!
Penalties :
No Penalty
Goalie Stats
Karel Vejmelka (EOK), 38 saves from 40 shots - (0.950), W, 11-3-2, 65:00 minutes
Jack Campbell (CBO), 29 saves from 31 shots - (0.935), OTL, 11-6-2, 65:00 minutes
Players Stats for Edmonton Oil Kings
Player Name G A P +/- PIM S H SB GA TA FO MP PP MP PK MP
------------------------------------------------------------------------------------
Brett Kulak 0 0 0 0 2 0 3 2 0 2 0/0 21:17 0:00 1:46
Connor McMichael 0 0 0 -1 0 1 1 1 0 0 6/10 17:13 3:02 0:00
Dillon Dube 1 0 1 -1 0 2 4 1 1 0 3/3 20:22 3:52 0:00
Filip Zadina 0 0 0 0 0 3 0 0 0 2 0/0 13:04 3:47 0:00
Jack Quinn 0 1 1 -1 2 5 2 1 2 1 0/2 17:30 3:15 0:14
Joey Anderson 0 1 1 1 0 4 2 1 1 1 0/0 16:40 3:02 3:24
Josh Mahura 0 0 0 0 2 2 1 0 0 0 0/0 12:05 0:00 0:00
Juuso Valimaki 0 0 0 0 0 0 2 1 0 1 0/0 25:58 3:15 4:01
Kale Clague 0 0 0 0 0 1 0 0 0 1 0/0 13:02 0:00 1:01
Kirill Marchenko 0 1 1 0 0 5 2 0 0 2 2/2 19:49 3:52 0:12
Mackenzie Entwistle 0 0 0 0 0 0 3 0 3 0 2/4 13:06 0:00 3:24
Morgan Barron 0 0 0 0 0 3 4 1 0 0 0/1 16:27 0:08 2:55
Nick Holden 0 0 0 0 0 0 2 2 0 1 0/0 26:34 3:47 2:44
Noah Gregor 1 0 1 1 5 2 5 0 1 0 0/0 14:00 3:02 0:26
Ryan McLeod 0 0 0 0 0 2 3 0 1 1 14/25 22:20 3:52 2:55
Troy Stecher 0 0 0 0 0 0 0 2 1 2 0/0 23:35 0:00 3:58
Tyler Angle 0 0 0 0 2 0 1 0 0 0 1/2 10:17 0:08 0:00
Xavier Bourgault 0 0 0 1 0 1 0 1 0 0 1/3 9:51 0:08 0:00
Players Stats for Cape Breton Oilers
Player Name G A P +/- PIM S H SB GA TA FO MP PP MP PK MP
------------------------------------------------------------------------------------
Alexey Toropchenko 1 0 1 -1 0 5 3 0 3 0 1/5 21:02 3:29 2:59
Brett Seney 0 1 1 0 2 3 3 0 2 0 7/14 19:38 3:16 2:19
Carl Grundstrom 1 0 1 0 0 4 2 1 1 0 0/0 15:43 3:16 0:00
Dylan McIlrath 0 0 0 0 2 0 0 0 0 1 0/0 22:55 3:19 2:57
Hudson Fasching 0 0 0 0 0 2 2 0 1 0 0/1 15:43 3:16 0:00
Jonah Gadjovich 0 0 0 1 5 1 1 0 1 0 0/0 8:12 0:00 0:00
Kevin Bahl 0 0 0 0 4 4 3 1 0 0 0/0 24:56 3:26 3:21
Leon Gawanke 0 0 0 0 0 0 2 1 0 0 0/0 23:27 3:19 3:39
Luke Evangelista 0 1 1 -1 0 4 1 1 1 1 1/6 21:57 3:29 4:09
Matt Luff 0 0 0 1 0 1 1 0 1 0 0/0 9:03 0:00 0:00
Max Jones 0 0 0 0 0 1 1 1 0 1 0/0 13:13 0:00 1:00
Noel Acciari 0 1 1 -1 0 2 1 0 2 0 11/15 21:56 3:29 4:07
Parker Kelly 0 0 0 0 0 2 2 0 0 0 0/6 12:37 0:00 0:13
Philip Broberg 0 0 0 0 0 5 0 2 1 4 0/0 25:58 3:26 4:21
Sam Carrick 0 0 0 1 0 1 4 0 0 0 3/5 9:03 0:00 0:00
Vladislav Kolyachonok 0 0 0 0 0 0 1 0 0 1 0/0 15:35 0:00 0:00
Will Cuylle 0 0 0 0 2 3 3 2 1 0 0/0 13:36 0:00 0:15
William Trudeau 0 0 0 0 0 2 1 2 0 2 0/0 17:20 0:00 1:42
3 Stars
1 - Karel Vejmelka (EOK)
2 - Dillon Dube (EOK)
3 - Carl Grundstrom (CBO)
Power Play
Edmonton Oil Kings - 1 on 5 Attempt(s) - 20.00%
Cape Breton Oilers - 1 on 4 Attempt(s) - 25.00%
Penalty Kill
Edmonton Oil Kings - 3 on 4 Attempt(s) - 75.00%
- Score 0 goal in Penalty Kill
Cape Breton Oilers - 4 on 5 Attempt(s) - 80.00%
- Score 0 goal in Penalty Kill
Team Stat
Edmonton Oil Kings - Hits : 35 - Faceoff Wins : 29 - Blocked Shots : 13 - Penalty Minutes : 13
Cape Breton Oilers - Hits : 31 - Faceoff Wins : 23 - Blocked Shots : 11 - Penalty Minutes : 15
Official
Referees : Chris Rooney and Kevin Pollock
Linesman : Darren Gibbs and Mark Shewchyk
Game Notes
Jonah Gadjovich and Noah Gregor fight to a draw at 6:36 of 2nd period
Edmonton Oil Kings
5 vs 5 Forward
Center Left Wing Right Wing Time % Phy DF OF
1 Ryan McLeod Dillon Dube Kirill Marchenko 36 0 2 3
2 Connor McMichael Jack Quinn Morgan Barron 33 0 2 3
3 Xavier Bourgault Noah Gregor Joey Anderson 20 1 2 2
4 Tyler Angle Mackenzie Entwistle Filip Zadina 11 1 2 2
5 vs 5 Defense
Defense Defense Time % Phy DF OF
1 Nick Holden Brett Kulak 37 1 2 2
2 Juuso Valimaki Troy Stecher 33 0 2 3
3 Kale Clague Josh Mahura 20 1 3 1
4 Nick Holden Troy Stecher 10 1 4 0
PowerPlay Forward
Center Left Wing Right Wing Time % Phy DF OF
1 Ryan McLeod Dillon Dube Kirill Marchenko 55 0 0 5
2 Connor McMichael Noah Gregor Joey Anderson 45 0 1 4
PowerPlay Defense
Defense Defense Time % Phy DF OF
1 Juuso Valimaki Jack Quinn 50 0 1 4
2 Nick Holden Filip Zadina 50 0 1 4
Penalty Kill 4 Players Forward
Center Wing Time % Phy DF OF
1 Ryan McLeod Morgan Barron 50 1 4 0
2 Mackenzie Entwistle Joey Anderson 50 1 4 0
Penalty Kill 4 Players Defense
Defense Defense Time % Phy DF OF
1 Nick Holden Brett Kulak 50 1 4 0
2 Juuso Valimaki Troy Stecher 50 1 4 0
Penalty Kill - 3 Players Forward
Forward Time % Phy DF OF
1 Ryan McLeod 52 1 4 0
2 Morgan Barron 48 1 4 0
Penalty Kill - 3 Players Defense
Defense Defense Time % Phy DF OF
1 Brett Kulak Nick Holden 50 1 4 0
2 Troy Stecher Juuso Valimaki 50 1 4 0
4 vs 4 Forward
Center Wing Time % Phy DF OF
1 Ryan McLeod Dillon Dube 50 0 2 3
2 Connor McMichael Kirill Marchenko 50 0 2 3
4 vs 4 Defense
Defense Defense Time % Phy DF OF
1 Nick Holden Brett Kulak 55 1 2 2
2 Juuso Valimaki Troy Stecher 45 1 2 2
Last Minutes Offensive
Center Left Wing Right Wing Defense Defense
Ryan McLeod Dillon Dube Kirill Marchenko Nick Holden Juuso Valimaki
Last Minutes Defensive
Center Left Wing Right Wing Defense Defense
Ryan McLeod Morgan Barron Joey Anderson Nick Holden Troy Stecher
Goaltenders
Starting : Karel Vejmelka
Backup : Jonathan Quick
Extra Forwards
Normal : Jack Quinn, Dillon Dube, Kirill Marchenko - PP : Noah Gregor, Kirill Marchenko - PK : Noah Gregor
Extra Defensemen
Normal : Troy Stecher, Nick Holden, Brett Kulak - PP : Brett Kulak - PK : Troy Stecher, Brett Kulak
Penalty Shots
Kirill Marchenko, Dillon Dube, Jack Quinn, Ryan McLeod, Noah Gregor
Cape Breton Oilers
5 vs 5 Forward
Center Left Wing Right Wing Time % Phy DF OF
1 Noel Acciari Alexey Toropchenko Luke Evangelista 30 1 2 2
2 Brett Seney Carl Grundstrom Hudson Fasching 30 1 2 2
3 Parker Kelly Will Cuylle Max Jones 25 1 2 2
4 Sam Carrick Jonah Gadjovich Matt Luff 15 1 2 2
5 vs 5 Defense
Defense Defense Time % Phy DF OF
1 Kevin Bahl Philip Broberg 30 1 2 2
2 Dylan McIlrath Leon Gawanke 30 1 2 2
3 Vladislav Kolyachonok William Trudeau 25 1 2 2
4 Kevin Bahl Philip Broberg 15 1 2 2
PowerPlay Forward
Center Left Wing Right Wing Time % Phy DF OF
1 Noel Acciari Alexey Toropchenko Luke Evangelista 50 1 2 2
2 Brett Seney Carl Grundstrom Hudson Fasching 50 1 2 2
PowerPlay Defense
Defense Defense Time % Phy DF OF
1 Kevin Bahl Philip Broberg 50 1 2 2
2 Dylan McIlrath Leon Gawanke 50 1 2 2
Penalty Kill 4 Players Forward
Center Wing Time % Phy DF OF
1 Luke Evangelista Noel Acciari 50 1 2 2
2 Alexey Toropchenko Brett Seney 50 1 2 2
Penalty Kill 4 Players Defense
Defense Defense Time % Phy DF OF
1 Kevin Bahl Philip Broberg 50 1 2 2
2 Dylan McIlrath Leon Gawanke 50 1 2 2
Penalty Kill - 3 Players Forward
Forward Time % Phy DF OF
1 Luke Evangelista 50 1 2 2
2 Noel Acciari 50 1 2 2
Penalty Kill - 3 Players Defense
Defense Defense Time % Phy DF OF
1 Kevin Bahl Philip Broberg 50 1 2 2
2 Dylan McIlrath Leon Gawanke 50 1 2 2
4 vs 4 Forward
Center Wing Time % Phy DF OF
1 Luke Evangelista Noel Acciari 50 1 2 2
2 Alexey Toropchenko Brett Seney 50 1 2 2
4 vs 4 Defense
Defense Defense Time % Phy DF OF
1 Kevin Bahl Philip Broberg 50 1 2 2
2 Dylan McIlrath Leon Gawanke 50 1 2 2
Last Minutes Offensive
Center Left Wing Right Wing Defense Defense
Noel Acciari Alexey Toropchenko Luke Evangelista Kevin Bahl Philip Broberg
Last Minutes Defensive
Center Left Wing Right Wing Defense Defense
Noel Acciari Alexey Toropchenko Luke Evangelista Kevin Bahl Philip Broberg
Goaltenders
Starting : Jack Campbell
Backup : Matt Villalta
Extra Forwards
Normal : Will Cuylle, Parker Kelly, Max Jones - PP : Will Cuylle, Parker Kelly - PK : Max Jones
Extra Defensemen
Normal : Vladislav Kolyachonok, William Trudeau, Dylan McIlrath - PP : Vladislav Kolyachonok - PK : William Trudeau, Dylan McIlrath
Penalty Shots
Luke Evangelista, Noel Acciari, Alexey Toropchenko, Brett Seney, Carl Grundstrom
% Time on Ice - Edmonton Oil Kings
Lines # - Real PCT - Wanted PCT - Time Play
Normal Forward
1 - 29% - 36% - 13:22
2 - 30% - 33% - 13:39
3 - 21% - 20% - 9:30
4 - 21% - 11% - 9:42
Normal Defense
1 - 37% - 37% - 17:04
2 - 34% - 33% - 15:52
3 - 25% - 20% - 11:28
4 - 4% - 10% - 1:49
PP Forward
1 - 57% - 55% - 4:00
2 - 43% - 45% - 3:02
PP Defense
1 - 46% - 50% - 3:15
2 - 54% - 50% - 3:47
PK Forward
1 - 50% - 50% - 3:21
2 - 50% - 50% - 3:24
PK Defense
1 - 50% - 50% - 3:22
2 - 50% - 50% - 3:23
PK3 Forward
1 - 0% - 52%
2 - 0% - 48%
PK3 Defense
1 - 0% - 50%
2 - 0% - 50%
44 Forward
1 - 47% - 50% - 2:22
2 - 53% - 50% - 2:38
44 Defense
1 - 44% - 55% - 2:12
2 - 56% - 45% - 2:48
Last Minute Offensive - 0:00
Last Minute Defensive - 0:00
Total
Forward - 65:00
Defense - 65:00
|
% Time on Ice - Cape Breton Oilers
Lines # - Real PCT - Wanted PCT - Time Play
Normal Forward
1 - 28% - 30% - 13:02
2 - 27% - 30% - 12:36
3 - 25% - 25% - 11:32
4 - 20% - 15% - 9:03
Normal Defense
1 - 28% - 30% - 12:45
2 - 33% - 30% - 15:03
3 - 32% - 25% - 14:40
4 - 8% - 15% - 3:45
PP Forward
1 - 52% - 50% - 3:29
2 - 48% - 50% - 3:16
PP Defense
1 - 51% - 50% - 3:26
2 - 49% - 50% - 3:19
PK Forward
1 - 52% - 50% - 3:39
2 - 48% - 50% - 3:23
PK Defense
1 - 54% - 50% - 3:47
2 - 46% - 50% - 3:15
PK3 Forward
1 - 52% - 50% - 0:30
2 - 48% - 50% - 0:28
PK3 Defense
1 - 59% - 50% - 0:34
2 - 41% - 50% - 0:24
44 Forward
1 - 43% - 50% - 1:43
2 - 57% - 50% - 2:19
44 Defense
1 - 42% - 50% - 1:41
2 - 58% - 50% - 2:21
Last Minute Offensive - 0:00
Last Minute Defensive - 0:00
Total
Forward - 65:00
Defense - 65:00
|
Play-by-Play
1st period
0:01 of 1st period - Noel Acciari wins face-off versus Ryan McLeod in neutral zone.
0:26 of 1st period - Jack Quinn is hit by Kevin Bahl and loses puck.
0:31 of 1st period - Wrist shot by Hudson Fasching.
0:31 of 1st period - Shot Misses the Net.
0:33 of 1st period - Slapshot by Dylan McIlrath.
0:33 of 1st period - Shot Blocked by Connor McMichael.
1:35 of 1st period - Wrist shot by Jack Quinn.
1:35 of 1st period - Stopped by Jack Campbell without a rebound.
1:36 of 1st period - Brett Seney wins face-off versus Connor McMichael in Cape Breton Oilers zone.
1:45 of 1st period - Snap shot by Carl Grundstrom.
1:45 of 1st period - Shot Misses the Net.
1:47 of 1st period - Minor Penalty to Josh Mahura for Hooking.
1:48 of 1st period - Ryan McLeod wins face-off versus Noel Acciari in Edmonton Oil Kings zone.
1:56 of 1st period - Off-side.
1:57 of 1st period - Noel Acciari wins face-off versus Mackenzie Entwistle in neutral zone.
1:59 of 1st period - Off-side.
2:00 of 1st period - Mackenzie Entwistle wins face-off versus Brett Seney in neutral zone.
2:31 of 1st period - Snap shot by Noel Acciari.
2:31 of 1st period - Shot Misses the Net.
2:33 of 1st period - Snap shot by Alexey Toropchenko.
2:33 of 1st period - Shot Blocked by Joey Anderson.
2:35 of 1st period - Slapshot by Alexey Toropchenko.
2:35 of 1st period - Goal by Alexey Toropchenko - Edmonton Oil Kings : 0 - Cape Breton Oilers : 1.
2:36 of 1st period - Noel Acciari wins face-off versus Ryan McLeod in neutral zone.
2:41 of 1st period - Snap shot by Alexey Toropchenko.
2:41 of 1st period - Shot Blocked by Troy Stecher.
2:43 of 1st period - Wrist shot by Noel Acciari.
2:43 of 1st period - Stopped by Karel Vejmelka without a rebound.
2:44 of 1st period - Ryan McLeod wins face-off versus Alexey Toropchenko in Edmonton Oil Kings zone.
3:18 of 1st period - Snap shot by Kirill Marchenko.
3:18 of 1st period - Stopped by Jack Campbell with a rebound.
3:48 of 1st period - Juuso Valimaki is hit by Alexey Toropchenko and loses puck.
4:03 of 1st period - Snap shot by Luke Evangelista.
4:03 of 1st period - Shot Blocked by Juuso Valimaki.
4:05 of 1st period - Slapshot by Alexey Toropchenko.
4:05 of 1st period - Shot Misses the Net.
4:09 of 1st period - Slapshot by Luke Evangelista.
4:09 of 1st period - Shot Misses the Net.
4:11 of 1st period - Snap shot by William Trudeau.
4:11 of 1st period - Stopped by Karel Vejmelka with a rebound.
4:13 of 1st period - Wrist shot by Noel Acciari.
4:13 of 1st period - Deflect By Juuso Valimaki.
4:13 of 1st period - Shot Misses the Net.
4:13 of 1st period - Puck is out of play.
4:14 of 1st period - Connor McMichael wins face-off versus Brett Seney in Edmonton Oil Kings zone.
4:14 of 1st period - Jack Quinn is hit by Carl Grundstrom and loses puck.
4:19 of 1st period - Wrist shot by Carl Grundstrom.
4:19 of 1st period - Stopped by Karel Vejmelka with a rebound.
5:52 of 1st period - Hudson Fasching is hit by Brett Kulak and loses puck.
6:07 of 1st period - Nick Holden is hit by Matt Luff and loses puck.
7:31 of 1st period - Noel Acciari is hit by Jack Quinn and loses puck.
7:54 of 1st period - Dylan McIlrath is hit by Nick Holden and loses puck.
8:51 of 1st period - Connor McMichael is hit by Alexey Toropchenko and loses puck.
9:00 of 1st period - Slapshot by Alexey Toropchenko.
9:00 of 1st period - Stopped by Karel Vejmelka with a rebound.
9:10 of 1st period - Snap shot by Jonah Gadjovich.
9:10 of 1st period - Stopped by Karel Vejmelka without a rebound.
9:11 of 1st period - Ryan McLeod wins face-off versus Sam Carrick in Edmonton Oil Kings zone.
9:17 of 1st period - Off-side.
9:18 of 1st period - Connor McMichael wins face-off versus Brett Seney in neutral zone.
9:23 of 1st period - Snap shot by Jack Quinn.
9:23 of 1st period - Stopped by Jack Campbell with a rebound.
9:27 of 1st period - Snap shot by Morgan Barron.
9:27 of 1st period - Stopped by Jack Campbell with a rebound.
9:29 of 1st period - Slapshot by Josh Mahura.
9:29 of 1st period - Deflect By Hudson Fasching.
9:29 of 1st period - Stopped by Jack Campbell with a rebound.
9:31 of 1st period - Snap shot by Connor McMichael.
9:31 of 1st period - Shot Misses the Net.
9:52 of 1st period - Max Jones is hit by Dillon Dube and loses puck.
10:09 of 1st period - Slapshot by Luke Evangelista.
10:09 of 1st period - Stopped by Karel Vejmelka without a rebound.
10:10 of 1st period - Brett Seney wins face-off versus Connor McMichael in Edmonton Oil Kings zone.
10:15 of 1st period - Snap shot by Brett Seney.
10:15 of 1st period - Deflect By Hudson Fasching.
10:15 of 1st period - Shot Misses the Net.
10:15 of 1st period - Puck is out of play.
10:16 of 1st period - Brett Seney wins face-off versus Jack Quinn in Edmonton Oil Kings zone.
10:19 of 1st period - Wrist shot by Carl Grundstrom.
10:19 of 1st period - Shot Misses the Net.
10:21 of 1st period - Wrist shot by Hudson Fasching.
10:21 of 1st period - Stopped by Karel Vejmelka without a rebound.
10:22 of 1st period - Brett Seney wins face-off versus Connor McMichael in Edmonton Oil Kings zone.
10:47 of 1st period - Troy Stecher is hit by Kevin Bahl and loses puck.
10:58 of 1st period - Snap shot by Luke Evangelista.
10:58 of 1st period - Shot Misses the Net.
11:00 of 1st period - Snap shot by Luke Evangelista.
11:00 of 1st period - Shot Misses the Net.
11:35 of 1st period - Wrist shot by Mackenzie Entwistle.
11:35 of 1st period - Shot Misses the Net.
11:37 of 1st period - Slapshot by Kale Clague.
11:37 of 1st period - Shot Blocked by Will Cuylle.
11:41 of 1st period - Backhand shot by Mackenzie Entwistle.
11:41 of 1st period - Deflect By Filip Zadina.
11:41 of 1st period - Stopped by Jack Campbell with a rebound.
12:23 of 1st period - Snap shot by Luke Evangelista.
12:23 of 1st period - Stopped by Karel Vejmelka without a rebound.
12:24 of 1st period - Noel Acciari wins face-off versus Ryan McLeod in Edmonton Oil Kings zone.
12:32 of 1st period - Minor Penalty to Brett Kulak for Boarding.
12:33 of 1st period - Ryan McLeod wins face-off versus Brett Seney in Edmonton Oil Kings zone.
14:19 of 1st period - Brett Seney is hit by Noah Gregor and loses puck.
14:32 of 1st period - Penalty to Brett Kulak is over, Brett Kulak is back on ice.
15:28 of 1st period - Matt Luff is hit by Joey Anderson and loses puck.
16:00 of 1st period - Noel Acciari is hit by Jack Quinn and loses puck.
16:11 of 1st period - Noel Acciari is hit by Noah Gregor and loses puck.
16:43 of 1st period - Wrist shot by Max Jones.
16:43 of 1st period - Deflect By Will Cuylle.
16:43 of 1st period - Shot Misses the Net.
16:43 of 1st period - Puck is out of play.
16:44 of 1st period - Connor McMichael wins face-off versus Parker Kelly in Edmonton Oil Kings zone.
17:22 of 1st period - Minor Penalty to Jack Quinn for Hooking.
17:23 of 1st period - Mackenzie Entwistle wins face-off versus Noel Acciari in Edmonton Oil Kings zone.
17:55 of 1st period - Snap shot by Hudson Fasching.
17:55 of 1st period - Stopped by Karel Vejmelka with a rebound.
17:57 of 1st period - Snap shot by Carl Grundstrom.
17:57 of 1st period - Deflect By Hudson Fasching.
17:57 of 1st period - Shot Misses the Net.
17:57 of 1st period - Puck is out of play.
17:58 of 1st period - Ryan McLeod wins face-off versus Noel Acciari in Edmonton Oil Kings zone.
18:09 of 1st period - Wrist shot by Alexey Toropchenko.
18:09 of 1st period - Shot Misses the Net.
18:11 of 1st period - Snap shot by Philip Broberg.
18:11 of 1st period - Stopped by Karel Vejmelka with a rebound.
18:13 of 1st period - Slapshot by Philip Broberg.
18:13 of 1st period - Shot Misses the Net.
18:33 of 1st period - Mackenzie Entwistle is hit by Brett Seney and loses puck.
19:16 of 1st period - Carl Grundstrom is hit by Brett Kulak and loses puck.
19:22 of 1st period - Penalty to Jack Quinn is over, Jack Quinn is back on ice.
19:25 of 1st period - Snap shot by Kirill Marchenko.
19:25 of 1st period - Stopped by Jack Campbell with a rebound.
19:29 of 1st period - Snap shot by Kirill Marchenko.
19:29 of 1st period - Shot Misses the Net.
19:31 of 1st period - Snap shot by Jack Quinn.
19:31 of 1st period - Stopped by Jack Campbell without a rebound.
19:32 of 1st period - Connor McMichael wins face-off versus Parker Kelly in Cape Breton Oilers zone.
19:33 of 1st period - Snap shot by Jack Quinn.
19:33 of 1st period - Stopped by Jack Campbell with a rebound.
19:35 of 1st period - Snap shot by Jack Quinn.
19:35 of 1st period - Shot Misses the Net.
19:37 of 1st period - Snap shot by Morgan Barron.
19:37 of 1st period - Stopped by Jack Campbell without a rebound.
19:38 of 1st period - Connor McMichael wins face-off versus Parker Kelly in Cape Breton Oilers zone.
19:38 of 1st period - Connor McMichael is hit by William Trudeau.
19:44 of 1st period - Snap shot by Morgan Barron.
19:44 of 1st period - Stopped by Jack Campbell with a rebound.
19:46 of 1st period - Snap shot by Connor McMichael.
19:46 of 1st period - Deflect By Will Cuylle.
19:46 of 1st period - Stopped by Jack Campbell without a rebound.
19:47 of 1st period - Brett Seney wins face-off versus Ryan McLeod in Cape Breton Oilers zone.
19:51 of 1st period - Minor Penalty to Kevin Bahl for Hooking.
19:52 of 1st period - Luke Evangelista wins face-off versus Ryan McLeod in Cape Breton Oilers zone.
19:52 of 1st period - Luke Evangelista is hit by Dillon Dube.
Goals for this period are 0 for Edmonton Oil Kings vs 1 for Cape Breton Oilers.
Shots for this period are 12 for Edmonton Oil Kings vs 11 for Cape Breton Oilers.
2nd period
0:01 of 2nd period - Ryan McLeod wins face-off versus Alexey Toropchenko in neutral zone.
0:41 of 2nd period - William Trudeau is hit by Joey Anderson and loses puck.
1:08 of 2nd period - Alexey Toropchenko is hit by Noah Gregor and loses puck.
1:19 of 2nd period - Brett Seney is hit by Connor McMichael.
1:51 of 2nd period - Penalty to Kevin Bahl is over, Kevin Bahl is back on ice.
1:58 of 2nd period - Off-side.
1:59 of 2nd period - Tyler Angle wins face-off versus Parker Kelly in neutral zone.
2:02 of 2nd period - Vladislav Kolyachonok is hit by Tyler Angle and loses puck.
2:25 of 2nd period - Joey Anderson is hit by Sam Carrick and loses puck.
2:54 of 2nd period - Noel Acciari is hit by Dillon Dube and loses puck.
3:25 of 2nd period - Wrist shot by Carl Grundstrom.
3:25 of 2nd period - Stopped by Karel Vejmelka with a rebound.
4:01 of 2nd period - Matt Luff is hit by Dillon Dube and loses puck.
4:20 of 2nd period - Juuso Valimaki is hit by Will Cuylle and loses puck.
4:29 of 2nd period - Wrist shot by Will Cuylle.
4:29 of 2nd period - Shot Blocked by Xavier Bourgault.
5:40 of 2nd period - Snap shot by Kirill Marchenko.
5:40 of 2nd period - Shot Blocked by William Trudeau.
6:04 of 2nd period - Brett Seney is hit by Noah Gregor and loses puck.
6:33 of 2nd period - Snap shot by Noah Gregor.
6:33 of 2nd period - Shot Misses the Net.
6:35 of 2nd period - Slapshot by Josh Mahura.
6:35 of 2nd period - Stopped by Jack Campbell with a rebound.
6:36 of 2nd period - Jonah Gadjovich and Noah Gregor fight to a draw.
6:36 of 2nd period - Penalty to Jonah Gadjovich for Fighting.
6:36 of 2nd period - Penalty to Noah Gregor for Fighting.
6:37 of 2nd period - Ryan McLeod wins face-off versus Brett Seney in Cape Breton Oilers zone.
6:42 of 2nd period - Wrist shot by Kirill Marchenko.
6:42 of 2nd period - Stopped by Jack Campbell without a rebound.
6:43 of 2nd period - Ryan McLeod wins face-off versus Brett Seney in Cape Breton Oilers zone.
6:46 of 2nd period - Snap shot by Kirill Marchenko.
6:46 of 2nd period - Shot Misses the Net.
6:48 of 2nd period - Minor Penalty to Kevin Bahl for Cross-checking.
6:49 of 2nd period - Dillon Dube wins face-off versus Alexey Toropchenko in Cape Breton Oilers zone.
6:50 of 2nd period - Snap shot by Kirill Marchenko.
6:50 of 2nd period - Shot Blocked by Leon Gawanke.
6:52 of 2nd period - Snap shot by Dillon Dube.
6:52 of 2nd period - Goal by Dillon Dube - Edmonton Oil Kings : 1 - Cape Breton Oilers : 1.
6:53 of 2nd period - Ryan McLeod wins face-off versus Brett Seney in neutral zone.
7:28 of 2nd period - Wrist shot by Noel Acciari.
7:28 of 2nd period - Shot Misses the Net.
7:40 of 2nd period - Xavier Bourgault is hit by Parker Kelly and loses puck.
8:03 of 2nd period - Wrist shot by Carl Grundstrom.
8:03 of 2nd period - Shot Misses the Net.
8:05 of 2nd period - Snap shot by William Trudeau.
8:05 of 2nd period - Shot Blocked by Dillon Dube.
8:11 of 2nd period - Snap shot by Hudson Fasching.
8:11 of 2nd period - Shot Misses the Net.
8:23 of 2nd period - Slapshot by Matt Luff.
8:23 of 2nd period - Stopped by Karel Vejmelka without a rebound.
8:24 of 2nd period - Sam Carrick wins face-off versus Jack Quinn in Edmonton Oil Kings zone.
8:25 of 2nd period - Wrist shot by Will Cuylle.
8:25 of 2nd period - Stopped by Karel Vejmelka with a rebound.
8:37 of 2nd period - Wrist shot by Jack Quinn.
8:37 of 2nd period - Stopped by Jack Campbell with a rebound.
8:39 of 2nd period - Slapshot by Brett Kulak.
8:39 of 2nd period - Deflect By Morgan Barron.
8:39 of 2nd period - Shot Misses the Net.
8:39 of 2nd period - Puck is out of play.
8:40 of 2nd period - Noel Acciari wins face-off versus Tyler Angle in Cape Breton Oilers zone.
9:10 of 2nd period - Juuso Valimaki is hit by Max Jones.
9:18 of 2nd period - Wrist shot by Parker Kelly.
9:18 of 2nd period - Stopped by Karel Vejmelka with a rebound.
9:32 of 2nd period - Slapshot by Mackenzie Entwistle.
9:32 of 2nd period - Shot Blocked by Carl Grundstrom.
9:34 of 2nd period - Slapshot by Kale Clague.
9:34 of 2nd period - Stopped by Jack Campbell with a rebound.
9:44 of 2nd period - Slapshot by Filip Zadina.
9:44 of 2nd period - Stopped by Jack Campbell without a rebound.
9:45 of 2nd period - Noel Acciari wins face-off versus Ryan McLeod in Cape Breton Oilers zone.
9:45 of 2nd period - Noel Acciari is hit by Ryan McLeod.
10:32 of 2nd period - Snap shot by Sam Carrick.
10:32 of 2nd period - Shot Misses the Net.
10:34 of 2nd period - Snap shot by Will Cuylle.
10:34 of 2nd period - Stopped by Karel Vejmelka with a rebound.
10:44 of 2nd period - Joey Anderson is hit by Will Cuylle.
10:54 of 2nd period - Morgan Barron is hit by Luke Evangelista and loses puck.
11:03 of 2nd period - Slapshot by Noel Acciari.
11:03 of 2nd period - Stopped by Karel Vejmelka with a rebound.
11:05 of 2nd period - Slapshot by William Trudeau.
11:05 of 2nd period - Stopped by Karel Vejmelka with a rebound.
11:19 of 2nd period - William Trudeau is hit by Ryan McLeod and loses puck.
11:30 of 2nd period - Kirill Marchenko is hit by Parker Kelly and loses puck.
11:47 of 2nd period - Sam Carrick is hit by Mackenzie Entwistle and loses puck.
11:52 of 2nd period - Slapshot by Filip Zadina.
11:52 of 2nd period - Shot Misses the Net.
11:54 of 2nd period - Snap shot by Mackenzie Entwistle.
11:54 of 2nd period - Shot Blocked by Philip Broberg.
12:45 of 2nd period - Snap shot by Luke Evangelista.
12:45 of 2nd period - Stopped by Karel Vejmelka without a rebound.
12:46 of 2nd period - Kirill Marchenko wins face-off versus Parker Kelly in Edmonton Oil Kings zone.
12:51 of 2nd period - Snap shot by Ryan McLeod.
12:51 of 2nd period - Shot Blocked by Kevin Bahl.
12:53 of 2nd period - Minor Penalty to Will Cuylle for Interference.
12:54 of 2nd period - Kirill Marchenko wins face-off versus Luke Evangelista in Cape Breton Oilers zone.
13:07 of 2nd period - Philip Broberg is hit by Ryan McLeod and loses puck.
14:50 of 2nd period - Brett Seney is hit by Morgan Barron.
14:53 of 2nd period - Penalty to Will Cuylle is over, Will Cuylle is back on ice.
15:02 of 2nd period - Parker Kelly is hit by Juuso Valimaki.
15:10 of 2nd period - Snap shot by Parker Kelly.
15:10 of 2nd period - Stopped by Karel Vejmelka with a rebound.
15:22 of 2nd period - Josh Mahura is hit by Sam Carrick and loses puck.
15:29 of 2nd period - Josh Mahura is hit by Sam Carrick and loses puck.
15:44 of 2nd period - Nick Holden is hit by Brett Seney and loses puck.
16:07 of 2nd period - Nick Holden is hit by Will Cuylle and loses puck.
16:20 of 2nd period - Kale Clague is hit by Sam Carrick and loses puck.
16:25 of 2nd period - Slapshot by Jonah Gadjovich.
16:25 of 2nd period - Shot Misses the Net.
16:49 of 2nd period - Juuso Valimaki is hit by Alexey Toropchenko and loses puck.
17:08 of 2nd period - Max Jones is hit by Mackenzie Entwistle and loses puck.
18:11 of 2nd period - Wrist shot by Max Jones.
18:11 of 2nd period - Shot Misses the Net.
18:13 of 2nd period - Slapshot by William Trudeau.
18:13 of 2nd period - Shot Misses the Net.
18:28 of 2nd period - Minor Penalty to Tyler Angle for Interference.
18:29 of 2nd period - Noel Acciari wins face-off versus Ryan McLeod in Edmonton Oil Kings zone.
18:33 of 2nd period - Slapshot by Luke Evangelista.
18:33 of 2nd period - Stopped by Karel Vejmelka with a rebound.
19:09 of 2nd period - Kevin Bahl is hit by Morgan Barron and loses puck.
19:39 of 2nd period - Ryan McLeod is hit by Hudson Fasching and loses puck.
Goals for this period are 1 for Edmonton Oil Kings vs 0 for Cape Breton Oilers.
Shots for this period are 6 for Edmonton Oil Kings vs 10 for Cape Breton Oilers.
3rd period
0:01 of 3rd period - Ryan McLeod wins face-off versus Noel Acciari in neutral zone.
0:04 of 3rd period - Wrist shot by Ryan McLeod.
0:04 of 3rd period - Stopped by Jack Campbell without a rebound.
0:05 of 3rd period - Noel Acciari wins face-off versus Ryan McLeod in Cape Breton Oilers zone.
0:10 of 3rd period - Wrist shot by Alexey Toropchenko.
0:10 of 3rd period - Shot Blocked by Morgan Barron.
0:16 of 3rd period - Snap shot by Alexey Toropchenko.
0:16 of 3rd period - Stopped by Karel Vejmelka with a rebound.
0:18 of 3rd period - Slapshot by Kevin Bahl.
0:18 of 3rd period - Shot Blocked by Troy Stecher.
0:20 of 3rd period - Slapshot by Philip Broberg.
0:20 of 3rd period - Stopped by Karel Vejmelka without a rebound.
0:21 of 3rd period - Brett Seney wins face-off versus Mackenzie Entwistle in Edmonton Oil Kings zone.
0:22 of 3rd period - Snap shot by Carl Grundstrom.
0:22 of 3rd period - Stopped by Karel Vejmelka with a rebound.
0:28 of 3rd period - Penalty to Tyler Angle is over, Tyler Angle is back on ice.
0:32 of 3rd period - Snap shot by Carl Grundstrom.
0:32 of 3rd period - Shot Misses the Net.
0:34 of 3rd period - Wrist shot by Brett Seney.
0:34 of 3rd period - Stopped by Karel Vejmelka with a rebound.
0:36 of 3rd period - Wrist shot by Carl Grundstrom.
0:36 of 3rd period - Shot Misses the Net.
0:46 of 3rd period - Snap shot by Joey Anderson.
0:46 of 3rd period - Shot Misses the Net.
0:48 of 3rd period - Snap shot by Xavier Bourgault.
0:48 of 3rd period - Stopped by Jack Campbell without a rebound.
0:49 of 3rd period - Noel Acciari wins face-off versus Xavier Bourgault in Cape Breton Oilers zone.
1:04 of 3rd period - Wrist shot by Joey Anderson.
1:04 of 3rd period - Shot Blocked by Luke Evangelista.
1:20 of 3rd period - Wrist shot by Brett Seney.
1:20 of 3rd period - Shot Misses the Net.
1:22 of 3rd period - Slapshot by Carl Grundstrom.
1:22 of 3rd period - Shot Misses the Net.
1:24 of 3rd period - Snap shot by Brett Seney.
1:24 of 3rd period - Shot Misses the Net.
1:46 of 3rd period - Wrist shot by Sam Carrick.
1:46 of 3rd period - Stopped by Karel Vejmelka with a rebound.
1:48 of 3rd period - Slapshot by Sam Carrick.
1:48 of 3rd period - Shot Blocked by Nick Holden.
1:50 of 3rd period - Wrist shot by Sam Carrick.
1:50 of 3rd period - Shot Misses the Net.
2:08 of 3rd period - Wrist shot by Parker Kelly.
2:08 of 3rd period - Shot Blocked by Jack Quinn.
2:10 of 3rd period - Wrist shot by Max Jones.
2:10 of 3rd period - Stopped by Karel Vejmelka with a rebound.
2:22 of 3rd period - Wrist shot by Joey Anderson.
2:22 of 3rd period - Shot Blocked by William Trudeau.
2:24 of 3rd period - Wrist shot by Joey Anderson.
2:24 of 3rd period - Stopped by Jack Campbell with a rebound.
2:26 of 3rd period - Snap shot by Noah Gregor.
2:26 of 3rd period - Goal by Noah Gregor - Edmonton Oil Kings : 2 - Cape Breton Oilers : 1.
2:27 of 3rd period - Noel Acciari wins face-off versus Connor McMichael in neutral zone.
2:40 of 3rd period - Snap shot by Alexey Toropchenko.
2:40 of 3rd period - Stopped by Karel Vejmelka with a rebound.
2:42 of 3rd period - Slapshot by Kevin Bahl.
2:42 of 3rd period - Stopped by Karel Vejmelka with a rebound.
2:55 of 3rd period - Icing by Kirill Marchenko.
2:56 of 3rd period - Ryan McLeod wins face-off versus Hudson Fasching in Edmonton Oil Kings zone.
3:27 of 3rd period - Juuso Valimaki is hit by Hudson Fasching and loses puck.
3:35 of 3rd period - Minor Penalty to Brett Seney for Interference.
3:36 of 3rd period - Connor McMichael wins face-off versus Luke Evangelista in Cape Breton Oilers zone.
3:42 of 3rd period - Wrist shot by Joey Anderson.
3:42 of 3rd period - Stopped by Jack Campbell with a rebound.
3:44 of 3rd period - Slapshot by Noah Gregor.
3:44 of 3rd period - Shot Misses the Net.
3:46 of 3rd period - Wrist shot by Connor McMichael.
3:46 of 3rd period - Shot Misses the Net.
3:48 of 3rd period - Slapshot by Filip Zadina.
3:48 of 3rd period - Shot Misses the Net.
3:50 of 3rd period - Wrist shot by Joey Anderson.
3:50 of 3rd period - Stopped by Jack Campbell with a rebound.
3:52 of 3rd period - Slapshot by Filip Zadina.
3:52 of 3rd period - Stopped by Jack Campbell without a rebound.
3:53 of 3rd period - Ryan McLeod wins face-off versus Alexey Toropchenko in Cape Breton Oilers zone.
4:08 of 3rd period - Wrist shot by Ryan McLeod.
4:08 of 3rd period - Stopped by Jack Campbell with a rebound.
5:16 of 3rd period - Filip Zadina is hit by Leon Gawanke and loses puck.
5:35 of 3rd period - Penalty to Brett Seney is over, Brett Seney is back on ice.
6:25 of 3rd period - Backhand shot by Will Cuylle.
6:25 of 3rd period - Stopped by Karel Vejmelka with a rebound.
8:30 of 3rd period - Luke Evangelista is hit by Mackenzie Entwistle and loses puck.
8:41 of 3rd period - Luke Evangelista is hit by Brett Kulak and loses puck.
8:50 of 3rd period - Wrist shot by Alexey Toropchenko.
8:50 of 3rd period - Stopped by Karel Vejmelka with a rebound.
8:52 of 3rd period - Snap shot by Alexey Toropchenko.
8:52 of 3rd period - Shot Misses the Net.
8:54 of 3rd period - Slapshot by Kevin Bahl.
8:54 of 3rd period - Stopped by Karel Vejmelka with a rebound.
8:56 of 3rd period - Slapshot by Kevin Bahl.
8:56 of 3rd period - Stopped by Karel Vejmelka with a rebound.
8:58 of 3rd period - Snap shot by Alexey Toropchenko.
8:58 of 3rd period - Shot Blocked by Nick Holden.
9:00 of 3rd period - Snap shot by Philip Broberg.
9:00 of 3rd period - Stopped by Karel Vejmelka with a rebound.
9:02 of 3rd period - Snap shot by Philip Broberg.
9:02 of 3rd period - Stopped by Karel Vejmelka with a rebound.
9:04 of 3rd period - Slapshot by Kevin Bahl.
9:04 of 3rd period - Shot Blocked by Brett Kulak.
10:22 of 3rd period - Snap shot by Alexey Toropchenko.
10:22 of 3rd period - Shot Misses the Net.
10:24 of 3rd period - Snap shot by Philip Broberg.
10:24 of 3rd period - Shot Misses the Net.
10:26 of 3rd period - Backhand shot by Kevin Bahl.
10:26 of 3rd period - Stopped by Karel Vejmelka with a rebound.
10:28 of 3rd period - Snap shot by Kevin Bahl.
10:28 of 3rd period - Shot Blocked by Brett Kulak.
10:30 of 3rd period - Slapshot by Philip Broberg.
10:30 of 3rd period - Stopped by Karel Vejmelka without a rebound.
10:31 of 3rd period - Brett Seney wins face-off versus Ryan McLeod in Edmonton Oil Kings zone.
10:57 of 3rd period - Leon Gawanke is hit by Morgan Barron and loses puck.
11:15 of 3rd period - Off-side.
11:16 of 3rd period - Sam Carrick wins face-off versus Xavier Bourgault in neutral zone.
12:17 of 3rd period - Max Jones is hit by Morgan Barron and loses puck.
12:51 of 3rd period - Carl Grundstrom is hit by Josh Mahura and loses puck.
13:12 of 3rd period - Snap shot by Kirill Marchenko.
13:12 of 3rd period - Shot Blocked by Philip Broberg.
13:14 of 3rd period - Wrist shot by Josh Mahura.
13:14 of 3rd period - Shot Blocked by Will Cuylle.
13:16 of 3rd period - Snap shot by Ryan McLeod.
13:16 of 3rd period - Deflect By Kirill Marchenko.
13:16 of 3rd period - Shot Misses the Net.
13:16 of 3rd period - Puck is out of play.
13:17 of 3rd period - Sam Carrick wins face-off versus Morgan Barron in Cape Breton Oilers zone.
13:22 of 3rd period - Slapshot by Matt Luff.
13:22 of 3rd period - Shot Misses the Net.
13:42 of 3rd period - Xavier Bourgault is hit by Vladislav Kolyachonok and loses puck.
14:14 of 3rd period - Dillon Dube is hit by Jonah Gadjovich and loses puck.
14:41 of 3rd period - Xavier Bourgault is hit by Carl Grundstrom and loses puck.
16:44 of 3rd period - Troy Stecher is hit by Noel Acciari and loses puck.
17:35 of 3rd period - Icing by Kale Clague.
17:36 of 3rd period - Ryan McLeod wins face-off versus Sam Carrick in Edmonton Oil Kings zone.
18:02 of 3rd period - Morgan Barron is hit by Kevin Bahl.
18:14 of 3rd period - Slapshot by Carl Grundstrom.
18:14 of 3rd period - Goal by Carl Grundstrom - Edmonton Oil Kings : 2 - Cape Breton Oilers : 2.
18:15 of 3rd period - Xavier Bourgault wins face-off versus Parker Kelly in neutral zone.
18:24 of 3rd period - Slapshot by Noah Gregor.
18:24 of 3rd period - Stopped by Jack Campbell with a rebound.
18:26 of 3rd period - Wrist shot by Xavier Bourgault.
18:26 of 3rd period - Shot Blocked by Max Jones.
18:28 of 3rd period - Snap shot by Noah Gregor.
18:28 of 3rd period - Shot Misses the Net.
18:30 of 3rd period - Snap shot by Joey Anderson.
18:30 of 3rd period - Stopped by Jack Campbell with a rebound.
18:40 of 3rd period - Luke Evangelista is hit by Nick Holden and loses puck.
18:45 of 3rd period - Snap shot by Dillon Dube.
18:45 of 3rd period - Stopped by Jack Campbell without a rebound.
18:46 of 3rd period - Noel Acciari wins face-off versus Ryan McLeod in Cape Breton Oilers zone.
18:58 of 3rd period - Minor Penalty to Dylan McIlrath for Tripping.
18:59 of 3rd period - Dillon Dube wins face-off versus Luke Evangelista in Cape Breton Oilers zone.
19:11 of 3rd period - Wrist shot by Kirill Marchenko.
19:11 of 3rd period - Stopped by Jack Campbell without a rebound.
19:12 of 3rd period - Ryan McLeod wins face-off versus Luke Evangelista in Cape Breton Oilers zone.
19:21 of 3rd period - Snap shot by Ryan McLeod.
19:21 of 3rd period - Shot Misses the Net.
19:23 of 3rd period - Snap shot by Dillon Dube.
19:23 of 3rd period - Deflect By Kirill Marchenko.
19:23 of 3rd period - Stopped by Jack Campbell without a rebound.
19:24 of 3rd period - Alexey Toropchenko wins face-off versus Ryan McLeod in Cape Breton Oilers zone.
19:24 of 3rd period - Alexey Toropchenko is hit by Kirill Marchenko.
19:44 of 3rd period - Wrist shot by Luke Evangelista.
19:44 of 3rd period - Shot Misses the Net.
19:56 of 3rd period - Kevin Bahl is hit by Noah Gregor and loses puck.
Goals for this period are 1 for Edmonton Oil Kings vs 1 for Cape Breton Oilers.
Shots for this period are 13 for Edmonton Oil Kings vs 17 for Cape Breton Oilers.
Overtime #1
0:01 of 1st overtime period - Dillon Dube wins face-off versus Luke Evangelista in neutral zone.
0:04 of 1st overtime period - Wrist shot by Ryan McLeod.
0:04 of 1st overtime period - Shot Misses the Net.
0:58 of 1st overtime period - Penalty to Dylan McIlrath is over, Dylan McIlrath is back on ice.
1:17 of 1st overtime period - Wrist shot by Brett Seney.
1:17 of 1st overtime period - Stopped by Karel Vejmelka with a rebound.
1:19 of 1st overtime period - Snap shot by Alexey Toropchenko.
1:19 of 1st overtime period - Deflect By Brett Seney.
1:19 of 1st overtime period - Stopped by Karel Vejmelka with a rebound.
1:37 of 1st overtime period - Kirill Marchenko is hit by Brett Seney and loses puck.
2:16 of 1st overtime period - Noel Acciari is hit by Juuso Valimaki and loses puck.
3:45 of 1st overtime period - Kale Clague is hit by Leon Gawanke and loses puck.
3:52 of 1st overtime period - Wrist shot by Parker Kelly.
3:52 of 1st overtime period - Shot Misses the Net.
4:12 of 1st overtime period - Luke Evangelista is hit by Kirill Marchenko and loses puck.
Goals for this period are 0 for Edmonton Oil Kings vs 0 for Cape Breton Oilers.
Shots for this period are 0 for Edmonton Oil Kings vs 2 for Cape Breton Oilers.
ShootOut
5:00 of 1st overtime period - Round #1.
5:00 of 1st overtime period - Edmonton Oil Kings, Kirill Marchenko.
5:00 of 1st overtime period - Deke by Kirill Marchenko.
5:00 of 1st overtime period - Goal by Kirill Marchenko.
5:00 of 1st overtime period - Cape Breton Oilers, Luke Evangelista.
5:00 of 1st overtime period - Snap shot by Luke Evangelista.
5:00 of 1st overtime period - Shot Misses the Net.
5:00 of 1st overtime period - Round #2.
5:00 of 1st overtime period - Edmonton Oil Kings, Dillon Dube.
5:00 of 1st overtime period - Deke by Dillon Dube.
5:00 of 1st overtime period - Stopped by Jack Campbell.
5:00 of 1st overtime period - Cape Breton Oilers, Noel Acciari.
5:00 of 1st overtime period - Deke by Noel Acciari.
5:00 of 1st overtime period - Stopped by Karel Vejmelka.
5:00 of 1st overtime period - Round #3.
5:00 of 1st overtime period - Edmonton Oil Kings, Jack Quinn.
5:00 of 1st overtime period - Deke by Jack Quinn.
5:00 of 1st overtime period - Goal by Jack Quinn.
Back to the Top